 Dungeon Crawl Stone Soup version 0.15.0-12-gccce430 (webtiles) character file.

58 HungrySpirit the Chopper (level 3, -2/33 HPs)
             Began as a Deep Dwarf Berserker on Sept 1, 2014.
             Was a Believer of Trog.
             Killed from afar by Sigmund (7 damage)
             ... with a puff of flame
             ... on Level 3 of the Dungeon.
             The game lasted 00:03:28 (1858 turns).

HungrySpirit the Chopper (Deep Dwarf Berserker)     Turns: 1858, Time: 00:03:28

HP  -2/33        AC  5     Str 24      XL: 3   Next: 76%
MP   3/3         EV 10     Int 12      God: Trog [**....]
Gold 156         SH  0     Dex 12      Spells:  0 memorised,  2 levels left

rFire  . . .     SeeInvis .     a - +0 hand axe
rCold  . . .     Clarity  .     g - +0 ring mail
rNeg   . . .     rCorr    .     (no shield)
rPois  .         rRot     .     (no helmet)
rElec  .         Spirit   .     (no cloak)
SustAb +         Warding  .     (no gloves)
rMut   .         Stasis   .     (no boots)
Gourm  .                        (no amulet)
MR     .....                    l - ring of sustain abilities
                                m - +3 ring of strength

@: brilliant, exhausted, very slightly contaminated, non-regenerating, slowed,
invisible, very slow, not resistant to hostile enchantments, very unstealthy
A: damage resistance, recharge devices, sense surroundings 1, slow healing 3
a: Device Recharging, Burn Spellbooks, Berserk, Trog's Hand, Renounce Religion


You were on level 3 of the Dungeon.
You worshipped Trog.
Trog was pleased with you.
You were very hungry.

You visited 1 branch of the dungeon, and saw 3 of its levels.

You collected 156 gold pieces.

Inventory:

Hand weapons
 a - a +0 hand axe (weapon)
Armour
 g - a +0 ring mail (worn)
Magical devices
 c - a wand of heal wounds (5)
Comestibles
 d - a bread ration
 i - a meat ration
Scrolls
 b - 3 scrolls of remove curse {unknown}
 e - 2 scrolls of amnesia {unknown}
 h - 5 scrolls of identify {unknown}
 o - a scroll of teleportation {unknown}
 p - a scroll of enchant weapon {unknown}
 s - a scroll of immolation {unknown}
 t - a scroll of enchant armour {unknown}
Jewellery
 l - a ring of sustain abilities (right hand)
 m - a +3 ring of strength (left hand)
Potions
 k - a potion of confusion
 q - a potion of brilliance


   Skills:
 - Level 2.6 Fighting
 * Level 4.9 Axes
 + Level 2.8 Armour
 - Level 2.1 Dodging


You had 2 spell levels left.
You didn't know any spells.

Dungeon Overview and Level Annotations

Branches:
Dungeon (3/15)

Altars:
Ashenzari
Dithmenos
Vehumet

Annotations:
D:3 Sigmund


Innate Abilities, Weirdness & Mutations

You are resistant to damage.
You can recharge devices by infusing magical energy.
You passively map a small area around you.
You do not heal naturally.


Message History

You are very lightly contaminated with residual magic.
Drink which item? (? for menu, Esc to quit)
You feel extremely strange.
You feel a little pissed off.
You feel a little more calm.
It was a potion of mutation.
Sigmund barely misses you.
Drink which item? (? for menu, Esc to quit)
It has a very clean taste.
It was a potion of cure mutation.
Sigmund barely misses you.
Drink which item? (? for menu, Esc to quit)
You feel refreshed.
It was a potion of restore abilities.
Sigmund closely misses you.
Ouch! Sigmund barely misses you.
You barely miss Sigmund. Sigmund barely misses you.
You feel less confused. Sigmund casts a spell at you.
The puff of flame hits you!
* * * LOW HITPOINT WARNING * * *
Sigmund points at you and mumbles some strange words.
The puff of flame hits you!
You die...

########
#..@@..#
#.####.# #.#, ,
#.#, *### #.#
###.# ######
#.#.#...#
#....#
#.#.#.#.####
#....#
#.#........#
#....#
#.###.#.##.####


You could see Sigmund.

Vanquished Creatures
  An adder (D:3)
  5 orcs (D:3)
  A giant cockroach (D:2)
  6 goblins
  5 hobgoblins
  4 jackals (D:3)
  7 bats
  4 giant newts
  4 kobolds
  5 rats
42 creatures vanquished.

Notes
Turn   | Place    | Note
--------------------------------------------------------------
     0 | D:1      | HungrySpirit, the Deep Dwarf Berserker, began the quest for the Orb.
     0 | D:1      | Reached XP level 1. HP: 20/20 MP: 1/1
   307 | D:1      | Reached skill level 4 in Axes
   307 | D:1      | Reached XP level 2. HP: 10/27 MP: 2/2
   485 | D:1      | Acquired Trog's second power
  1096 | D:2      | Found a shadowy altar of Dithmenos.
  1128 | D:2      | Found a shattered altar of Ashenzari.
  1130 | D:2      | Found a radiant altar of Vehumet.
  1568 | D:3      | Reached XP level 3. HP: 11/33 MP: 3/3
  1836 | D:3      | Noticed Sigmund
  1851 | D:3      | Gained mutation: You tend to lose your temper in combat. [potion of mutation]
  1851 | D:3      | Lost mutation: You tend to lose your temper in combat. [potion of mutation]
  1858 | D:3      | Killed from afar by Sigmund

Action                   || total
-------------------------++-------
Melee: Hand axe          ||   139
Invok: Berserk           ||     1
       Trog's Hand       ||     1
  Use: Potion            ||     6
 Stab: Sleeping          ||     1
  Eat: Chunk             ||     3
